 Dungeon Crawl Stone Soup version 0.18.1-50-g88ac8fd (webtiles) character file.

14791 Chiseanne the Thaumaturge (level 11, -1/74 HPs)
             Began as a Centaur Air Elementalist on Oct 6, 2016.
             Was an Initiate of Gozag.
             Slain by a sixfirhy (9 damage)
             ... summoned by an orc high priest
             ... on level 2 of the Orcish Mines.
             The game lasted 01:07:27 (20513 turns).

Chiseanne the Thaumaturge (CeAE)                   Turns: 20513, Time: 01:07:28

Health: -1/74      AC: 11    Str: 11    XL:     11   Next: 93%
Magic:  17/27      EV: 17    Int: 20    God:    Gozag
Gold:   1068       SH:  0    Dex: 15    Spells: 3 memorised, 26 levels left

rFire  . . .     SeeInvis .     a - +8 dagger (venom)
rCold  . . .     Gourm    .     q - +3 leather armour {MR+}
rNeg   . . .     Faith    .     (no shield)
rPois  .         Spirit   .     p - +1 helmet
rElec  .         Dismiss  .     j - +1 cloak
rCorr  .         Reflect  .     (no gloves)
SustAt .         Harm     .     (no barding)
MR     +....                    L - amulet of magic regeneration
Stlth  ++........               y - +3 ring of evasion
                                T - +3 ring of intelligence

@: agile, very quick, somewhat resistant to hostile enchantments, unstealthy
A: hooves 3, deformed body, speed 2, tough skin 3
a: Potion Petition, Call Merchant, Bribe Branch, Renounce Religion


You were on level 2 of the Orcish Mines.
You worshipped Gozag.
Gozag was noncommittal.
You were not hungry.

You visited 3 branches of the dungeon, and saw 13 of its levels.

You collected 3826 gold pieces.
You spent 367 gold pieces at shops.
You paid 2391 gold pieces to Gozag.

Inventory:

Hand Weapons
 a - a +8 dagger of venom (weapon)
 d - a +1 short sword of speed
 e - a +2 shortbow of freezing
 f - a +1 long sword of holy wrath
 s - a +3 rapier of freezing
 w - a +0 hunting sling
 K - a +0 flail of protection
Missiles
 g - 224 stones (quivered)
 k - 71 bolts
 r - 204 arrows
 v - 40 poisoned needles
 A - 29 sling bullets
Armour
 j - a +1 cloak (worn)
 p - a +1 helmet (worn)
 q - a +3 leather armour of magic resistance (worn)
Jewellery
 t - an uncursed ring of protection from cold
 y - a +3 ring of evasion (right hand)
 L - an amulet of magic regeneration (around neck)
 S - an uncursed ring of positive energy
 T - a +3 ring of intelligence (left hand)
Wands
 C - a wand of iceblast (0/15)
 M - a wand of digging (6/24)
 Q - a wand of disintegration (0/24)
Scrolls
 i - a scroll of fog
 o - 5 scrolls of remove curse
 H - 4 scrolls of amnesia
 I - 3 scrolls of enchant armour
 R - a scroll of recharging
Potions
 h - a potion of brilliance
 l - 8 potions of curing
 n - a potion of invisibility {unknown}
 u - a potion of heal wounds
 x - a potion of resistance
 B - 6 potions of lignification
 G - 3 potions of magic
 N - a potion of flight
Books
 b - a book of Air

   Spells                             Type                      Level
   a - Shock                          Conjuration/Air              1
   b - Swiftness                      Charms/Air                   2
   c - Repel Missiles                 Charms/Air                   2
   d - Static Discharge               Conjuration/Air              3
   e - Lightning Bolt                 Conjuration/Air              5
 z - a book of the Sky

   Spells                             Type                      Level
   a - Summon Lightning Spire         Summoning/Air                4
   b - Airstrike                      Air                          4
   c - Silence                        Hexes/Air                    5
   d - Deflect Missiles               Charms/Air                   6
   e - Conjure Ball Lightning         Conjuration/Air              6
   f - Tornado                        Air                          9
 E - a book of the Dragon

   Spells                             Type                      Level
   a - Flame Tongue                   Conjuration/Fire             1
   b - Cause Fear                     Hexes                        4
   c - Bolt of Fire                   Conjuration/Fire             6
   d - Dragon Form                    Transmutation                7
   e - Dragon's Call                  Summoning                    9
 F - a book of Annihilations

   Spells                             Type                      Level
   a - Poison Arrow                   Conjuration/Poison           6
   b - Chain Lightning                Conjuration/Air              8
   c - Lehudib's Crystal Spear        Conjuration/Earth            8
   d - Glaciate                       Conjuration/Ice              9
   e - Fire Storm                     Conjuration/Fire             9
Comestibles
 c - 5 bread rations
 m - 4 meat rations


   Skills:
 - Level 1.3 Dodging
 - Level 1.2 Stealth
 * Level 12.0 Spellcasting
 - Level 4.7 Conjurations
 - Level 10.0 Air Magic


You had 26 spell levels left.
You knew the following spells:

 Your Spells              Type           Power        Failure   Level  Hunger
a - Shock                 Conj/Air       ####         1%          1    None
b - Static Discharge      Conj/Air       #####...     1%          3    None
c - Summon Lightning Spi  Summ/Air       ####....     12%         4    #......


Dungeon Overview and Level Annotations

Branches:
Dungeon (10/15)            Temple (1/1) D:7             Orc (2/2) D:10
    Elf (0/3) Orc:2
   Lair: D:8-11

Altars:
Ashenzari
Cheibriados
Dithmenos
Elyvilon
Fedhas
Gozag
Kikubaaqudgha
Makhleb
Nemelex Xobeh
Okawaru
Pakellas
Qazlal
Ru
Sif Muna
Trog
Vehumet
Xom
Yredelemnul
Zin
The Shining One
Beogh

Shops:
D:4 }}(   D:7 !(   D:10 ((=

Annotations:
D:3 exclusion: downstairs
D:4 exclusion: hungry ghost


Innate Abilities, Weirdness & Mutations

You have hooves in place of feet.
Armour fits poorly on your strangely shaped body.
You cover ground very quickly.
You have extremely tough skin (AC +3).


Message History

Confirm with . or Enter, or press ? or * to list all spells.
Aiming: Shock
Press: ? - help, Shift-Dir - straight line, f/p - orc high priest
Aim: an orc high priest, wielding a long sword and wearing a leather armour (severely wounded)
The zap hits your lightning spire.
Your lightning spire completely resists.
Your lightning spire is moderately damaged.
The zap hits the orc high priest.
The orc high priest is almost dead.
The sixfirhy barely misses you. The sixfirhy hits you.
* * * LOW HITPOINT WARNING * * *
The sixfirhy shocks you!
* * * LOW HITPOINT WARNING * * *
The ufetubus barely misses you.
The ufetubus hits you but does no damage.
The sixfirhy hits you.
* * * LOW HITPOINT WARNING * * *
The sixfirhy shocks you!
You die...
Your body crumbles into a pile of gold.

##.## #......................
#...# #...##......).....))...
##.## #............o).....)..
###.### ##.......)..)..........
.#....## #.[..).)(.....).(.....
.......# #..))..(((..o#....(.()
))))...#####).#..3o5....#.....o..
##.......##...##585.....#######3.
###..)....).))).@4o....## ##....
####...#.......)......## #..#).
##....####.....##.....### ##.....
#...8..##....##.........# #...#..
.#).#.####.##.....#.#...###....3o
.)....## ###....##...##.##....#..
.##....# ##.#####.######.......
..#.#.## ### ### #....#.. .#...##
#.....(.


You could see 2 orc knights, an orc high priest, a sixfirhy, a ynoxinul, an orc
warrior, 3 ufetubi and a friendly lightning spire.

Vanquished Creatures
  2 orc high priests (Orc:2)
  2 orc knights (Orc:2)
  2 orc sorcerers
  Joseph (D:9)
  6 trolls
  Prince Ribbit (D:7)
  A wyvern (D:9)
  3 yaks (D:10)
  Eustachio (D:6)
  A human (D:9)
  Grum (D:9)
  A steam dragon (D:8)
  3 wargs
  2 hippogriffs
  Duvessa (D:5)
  19 orc warriors
  3 sky beasts
  A necrophage (D:8)
  4 wolves (D:9)
  3 phantoms
  4 ogres
  5 centaurs
  5 giant frogs
  2 big kobolds (D:10)
  2 gnoll sergeants (Orc:1)
  Dowan (D:5)
  3 scorpions
  2 wyvern skeletons
  A killer bee (D:6)
  3 howler monkeys
  A quasit (D:8)
  A centaur zombie (D:8)
  5 crimson imps
  2 giant frog skeletons
  2 gnoll shamans
  5 hounds
  3 jellies
  18 orc priests
  A centaur skeleton (D:4)
  2 iguanas
  10 orc wizards
  8 worker ants
  A killer bee zombie (D:10)
  2 hound zombies
  A worker ant zombie (D:5)
  15 gnolls
  10 adders
  2 shadow imps
  A worm (D:5)
  3 dart slugs
  8 giant geckos
  71 orcs
  5 bats
  7 giant cockroaches
  12 goblins
  14 hobgoblins
  6 jackals
  7 quokkas
  6 ball pythons
  A giant gecko skeleton (D:5)
  3 giant newts
  17 kobolds
  9 rats
345 creatures vanquished.

Vanquished Creatures (collateral kills)
  An ettin (Orc:1)
  An orc high priest (Orc:2)
  2 orc knights (Orc:2)
  2 trolls (Orc:2)
  9 orc warriors (Orc:2)
  9 orc priests (Orc:2)
  An orc wizard (Orc:2)
  2 gnolls (Orc:1)
  12 orcs (Orc:2)
39 creatures vanquished.

Grand Total: 384 creatures vanquished

Notes
Turn   | Place    | Note
--------------------------------------------------------------
     0 | D:1      | Chiseanne the Centaur Air Elementalist began the quest for the Orb.
     0 | D:1      | Reached XP level 1. HP: 14/14 MP: 3/3
    25 | D:1      | Reached skill level 1 in Conjurations
   345 | D:1      | Reached XP level 2. HP: 14/20 MP: 0/4
  1274 | D:1      | Reached XP level 3. HP: 26/26 MP: 0/5
  1662 | D:2      | Found an opulent altar of Gozag.
  1676 | D:2      | Reached skill level 2 in Spellcasting
  1988 | D:2      | Found a snail-covered altar of Cheibriados.
  2294 | D:2      | Found a snail-covered altar of Cheibriados.
  2548 | D:2      | Reached XP level 4. HP: 33/33 MP: 7/7
  2789 | D:2      | You fall through a shaft for 2 floors!
  2796 | D:4      | Found Dunaz's Gadget Shoppe.
  2866 | D:3      | Found a shimmering altar of Xom.
  2923 | D:2      | Became a worshipper of Gozag Ym Sagoz the Greedy
  3076 | D:3      | Reached XP level 5. HP: 19/38 MP: 5/8
  3513 | D:3      | Found a bloodstained altar of Trog.
  3855 | D:3      | Reached XP level 6. HP: 34/45 MP: 8/10
  4573 | D:4      | Learned a level 3 spell: Static Discharge
  4693 | D:4      | Reached skill level 3 in Spellcasting
  4897 | D:4      | Found Raimuhek's Gadget Shoppe.
  5215 | D:4      | Reached XP level 7. HP: 39/50 MP: 5/11
  5334 | D:4      | Found Ina Noy's Antique Weapon Shop.
  5717 | D:4      | Noticed a hungry ghost
  5749 | D:4      | Reached skill level 5 in Air Magic
  6252 | D:5      | Entered Level 5 of the Dungeon
  6672 | D:5      | Noticed Duvessa
  6672 | D:5      | Noticed Dowan
  6688 | D:5      | Killed Duvessa
  6691 | D:5      | Killed Dowan
  7347 | D:6      | Reached skill level 4 in Spellcasting
  7405 | D:6      | Found an iron altar of Okawaru.
  7431 | D:6      | Reached XP level 8. HP: 57/57 MP: 10/14
  7464 | D:6      | Noticed Eustachio
  7479 | D:6      | Killed Eustachio
  8321 | D:6      | Reached skill level 5 in Spellcasting
  8679 | D:7      | Found Meteor Gilu's Distillery.
  8687 | D:7      | Bought a potion of might for 56 gold pieces
  8687 | D:7      | Bought 2 potions of heal wounds for 140 gold pieces
  8830 | D:7      | Found a staircase to the Ecumenical Temple.
  8841 | Temple   | Entered the Ecumenical Temple
  9080 | D:7      | Noticed Prince Ribbit
  9094 | D:7      | Killed Prince Ribbit
  9094 | D:7      | Reached XP level 9. HP: 59/62 MP: 11/17
  9193 | D:7      | Found a sparkling altar of Nemelex Xobeh.
  9228 | D:7      | Found an oddly glowing altar of Pakellas.
  9620 | D:8      | Found a white marble altar of Elyvilon.
  9639 | D:8      | Found a blossoming altar of Fedhas.
  9726 | D:8      | Reached skill level 6 in Spellcasting
 10259 | D:8      | Got a scorched plate armour
 10449 | D:8      | Found a shadowy altar of Dithmenos.
 10681 | D:8      | Found an ancient bone altar of Kikubaaqudgha.
 10978 | D:9      | Noticed Grum
 10995 | D:9      | Killed Grum
 10995 | D:9      | Reached skill level 7 in Spellcasting
 11370 | D:9      | Reached XP level 10. HP: 43/68 MP: 21/21
 11545 | D:9      | Identified the +4 plate armour of Wiziptia {Str+4} (You took it off an orc on level 8 of the Dungeon)
 11788 | D:9      | Noticed Joseph
 11801 | D:9      | Killed Joseph
 11985 | D:9      | Found a glowing silver altar of Zin.
 12219 | D:10     | Entered Level 10 of the Dungeon
 12355 | D:10     | Found a staircase to the Orcish Mines.
 12390 | D:10     | Reached skill level 8 in Spellcasting
 12696 | D:10     | Reached skill level 10 in Air Magic
 12757 | D:10     | Found Dets's Weapon Emporium.
 12881 | D:10     | Bought a pitted rapier for 171 gold pieces
 12882 | D:10     | Identified the +4 rapier of Pandemonium {antimagic, Dex+8} (You bought it in a shop on level 10 of the Dungeon)
 13608 | Orc:1    | Entered Level 1 of the Orcish Mines
 13629 | Orc:1    | Noticed an orc sorcerer
 13635 | Orc:1    | Noticed an orc knight
 13635 | Orc:1    | Noticed a sun demon
 14222 | D:10     | HP: 2/69 [troll (5)]
 14616 | D:10     | Reached skill level 9 in Spellcasting
 14883 | D:10     | Noticed a smoke demon
 14889 | D:10     | Killed an orc sorcerer
 15870 | Orc:1    | Learned a level 4 spell: Summon Lightning Spire
 15891 | Orc:1    | Reached XP level 11. HP: 32/74 MP: 19/24
 16507 | Orc:1    | Found a roughly hewn altar of Beogh.
 16742 | Orc:2    | Entered Level 2 of the Orcish Mines
 16742 | Orc:2    | Noticed an ettin
 16748 | Orc:2    | Noticed an orc high priest
 16794 | Orc:1    | Killed an ettin
 16794 | Orc:1    | Reached skill level 10 in Spellcasting
 16986 | Orc:2    | Noticed an orc sorcerer
 17439 | Orc:2    | Killed an orc high priest
 18082 | Orc:2    | Killed an orc sorcerer
 18502 | Orc:2    | Found a staircase to the Elven Halls.
 18551 | Orc:2    | Reached skill level 11 in Spellcasting
 18783 | Orc:2    | Noticed an orc knight
 18800 | Orc:2    | Killed an orc knight
 18828 | Orc:2    | Noticed an orc knight
 18840 | Orc:2    | Killed an orc knight
 19088 | Orc:2    | Noticed an orc knight
 19107 | Orc:2    | Killed an orc knight
 19463 | Orc:2    | Noticed an orc knight
 19472 | Orc:2    | Killed an orc knight
 20047 | Orc:2    | Noticed an orc high priest
 20060 | Orc:2    | Killed an orc high priest
 20067 | Orc:2    | Noticed an orc knight
 20457 | Orc:2    | Noticed an orc high priest
 20458 | Orc:2    | Noticed an orc knight
 20460 | Orc:2    | Noticed an orc high priest
 20462 | Orc:2    | Noticed an orc knight
 20463 | Orc:2    | Killed an orc high priest
 20463 | Orc:2    | Reached skill level 12 in Spellcasting
 20513 | Orc:2    | Slain by a sixfirhy

Skill      XL: |  1  2  3  4  5  6  7  8  9 10 11 |
---------------+----------------------------------+-----
Conjurations   | 1 2 3 4 |  4.7
Air Magic      | 3 4 5 7 9 10 | 10.0
Spellcasting   | 2 3 4 5 7 9 12 | 12.0
Dodging        | |  1.3
Stealth        | |  1.2

Action                   |  1- 3 |  4- 6 |  7- 9 | 10-12 || total
-------------------------+-------+-------+-------+-------++-------
Melee: Hand axe          |    35 |       |       |       ||    35
       Kick              |    11 |    11 |    38 |    27 ||    87
       Dagger            |    49 |   132 |   230 |   177 ||   588
       Rapier            |       |       |     2 |       ||     2
       Long sword        |       |       |       |     6 ||     6
 Fire: Hunting sling     |     9 |       |       |       ||     9
       Shortbow          |       |       |     3 |       ||     3
 Cast: Shock             |    46 |    60 |   175 |   406 ||   687
       Static Discharge  |       |       |    10 |    56 ||    66
       Summon Lightning  |       |       |       |    31 ||    31
Invok: Call Merchant     |       |       |     1 |     2 ||     3
Evoke: Wand              |       |       |     7 |    10 ||    17
  Use: Scroll            |     7 |    11 |     9 |     4 ||    31
       Potion            |       |       |       |     6 ||     6
 Stab: Sleeping          |       |     2 |     8 |       ||    10
       Distracted        |       |       |       |     1 ||     1
  Eat: Chunk             |     5 |     1 |       |       ||     6
       Fruit             |       |     4 |       |       ||     4
       Beef jerky        |       |     2 |     1 |       ||     3
       Bread ration      |       |       |     3 |     4 ||     7
       Pizza             |       |       |     1 |     8 ||     9
Armor: Robe              |    16 |    53 |    22 |       ||    91
       Leather armour    |       |       |   121 |   122 ||   243
Dodge: Dodged            |    30 |    68 |   158 |   193 ||   449
